 Dungeon Crawl Stone Soup version 0.18.1-50-g88ac8fd (webtiles) character file.

205 Peloso the Shield-Bearer (level 5, -3/47 HPs)
             Began as a Minotaur Fighter on Sept 22, 2016.
             Slain by a gnoll
             ... wielding a +0 halberd
              (11 damage)
             ... on level 3 of the Dungeon.
             The game lasted 00:03:57 (1815 turns).

Peloso the Shield-Bearer (Minotaur Fighter)         Turns: 1815, Time: 00:03:58

Health: -3/47      AC:  8    Str: 20    XL:     5   Next: 52%
Magic:  4/4        EV:  8    Int:  5    God:
Gold:   103        SH: 10    Dex: 11    Spells: 0 memorised, 4 levels left

rFire  . . .     SeeInvis .     a - +0 long sword
rCold  . . .     Gourm    .     b - +0 scale mail
rNeg   . . .     Faith    .     c - +0 shield
rPois  .         Spirit   .     (helmet restricted)
rElec  .         Dismiss  .     (no cloak)
rCorr  .         Reflect  .     r - +0 pair of gloves (curse)
SustAt .         Harm     .     (no boots)
MR     .....                    (no amulet)
Stlth  ..........               (no ring)
                                k - ring of loudness (curse)

@: not resistant to hostile enchantments, extremely unstealthy
A: retaliatory headbutt, horns 2
a: no special abilities


You were on level 3 of the Dungeon.
You were not hungry.

You visited 1 branch of the dungeon, and saw 3 of its levels.

You collected 103 gold pieces.

Inventory:

Hand Weapons
 a - a +0 long sword (weapon)
 i - a +1 mace of protection
Armour
 b - a +0 scale mail (worn)
 c - a +0 shield (worn)
 r - a cursed +0 pair of gloves (worn)
Jewellery
 k - a cursed ring of loudness (left hand)
Scrolls
 e - 2 scrolls of noise {unknown}
 j - a scroll of enchant armour {unknown}
 m - 2 scrolls of identify {unknown}
 n - 2 scrolls of teleportation {unknown}
 o - 3 scrolls of remove curse {unknown}
 p - a scroll of enchant weapon {unknown}
Potions
 d - a potion of might
 g - a potion of degeneration {unknown}
 h - 2 potions of resistance {unknown}
 q - a potion of agility {unknown}
 s - 2 potions of flight {unknown}
Comestibles
 f - 2 bread rations
 l - 3 chunks of flesh
 t - a meat ration


   Skills:
 + Level 4.7 Fighting
 + Level 3.4 Long Blades
 + Level 4.4 Armour
 + Level 2.1 Dodging
 + Level 5.1 Shields


You had 4 spell levels left.
You didn't know any spells.

Dungeon Overview and Level Annotations

Branches:
Dungeon (3/15)

Altars:


Innate Abilities, Weirdness & Mutations

You reflexively headbutt those who attack you in melee.
You have a pair of horns on your head.


Message History

You block the gnoll's attack.
You hit the orc but do no damage. Your headbutt misses the orc.
The orc hits you but does no damage.
The gnoll hits you from afar with a halberd.
You barely miss the orc. You headbutt the orc.
The orc is severely wounded.
The orc hits you with a club. You block the gnoll's attack.
You hit the orc.
You kill the orc!
You block the gnoll's attack. The gnoll hits you with a spear.
* * * LOW HITPOINT WARNING * * *
The gnoll hits you with a halberd.
* * * LOW HITPOINT WARNING * * *
The gnoll drinks a potion.
The gnoll goes berserk!
The gnoll hits you from afar with a spear.
* * * LOW HITPOINT WARNING * * *
Things that are here:
a club; an orc corpse The gnoll hits you from afar with a halberd!
You die...

##....# ##........!
.#....##### ##..###....
..........### ###.......#
#
###.........###......####
#............(#.#.##
#............#..#..###
#...............##...#
##[.########..$..gg##.#
#......# #...@.#(# ...
#.#....#.....###g#.# ##.
##(#......###. #g.....#
...#....### #. #......#
####....# . #......# #
..#.## # ##.....# ###.#
.....# (# ......# ......#


You could see 3 gnolls and a hobgoblin.

Vanquished Creatures
  A hound (D:2)
  A gnoll (D:1)
  8 adders
  2 oozes (D:1)
  A worm (D:2)
  3 dart slugs
  4 giant geckos
  2 orcs (D:3)
  3 ball pythons
  8 bats
  3 giant cockroaches
  3 hobgoblins
  7 jackals
  7 kobolds
  A quokka (D:3)
  A giant newt (D:1)
  7 goblins
  12 rats
74 creatures vanquished.

Notes
Turn   | Place    | Note
--------------------------------------------------------------
     0 | D:1      | Peloso the Minotaur Fighter began the quest for the Orb.
     0 | D:1      | Reached XP level 1. HP: 19/19 MP: 0/0
   200 | D:1      | Reached XP level 2. HP: 25/27 MP: 1/1
   333 | D:1      | Reached skill level 4 in Shields
   336 | D:1      | Reached XP level 3. HP: 33/33 MP: 2/2
   593 | D:2      | Reached XP level 4. HP: 19/40 MP: 3/3
   996 | D:2      | Reached skill level 1 in Dodging
  1592 | D:2      | Reached skill level 5 in Shields
  1592 | D:2      | Reached XP level 5. HP: 47/47 MP: 4/4
  1815 | D:3      | Slain by a gnoll

Skill      XL: |  1  2  3  4  5 |
---------------+----------------+-----
Fighting       | 4 |  4.7
Armour         | 4 |  4.4
Shields        | 4 5 |  5.1
Long Blades    | 3 |  3.4
Dodging        | 1 2 |  2.1

Action                   |  1- 3 |  4- 6 || total
-------------------------+-------+-------++-------
Melee: Long sword        |    74 |   123 ||   197
       Headbutt          |     8 |    23 ||    31
  Eat: Chunk             |       |     3 ||     3
Armor: Scale mail        |    37 |    52 ||    89
Dodge: Dodged            |    22 |    42 ||    64
Block: Shield            |    40 |    91 ||   131
